PIO (24 & UNDER)
SASKATOON SMOKIN' GUNS @ CHULA VISTA TACOS
08/01/2024
 
TOP OF THE 1ST
Saskatoon Smokin' Guns batting - Pitching for Chula Vista Tacos : RHP Bobby Booker
Pitching: RHP Bobby Booker
Batting: RHB Gary Spencer 0-0: Ball
1-0: Called Strike
1-1: Ball
2-1: Ball
3-1: Base on Balls
Batting: RHB César Rodríguez 0-0: Called Strike
0-1: Ball
1-1: Foul Ball, location: 2F
1-2: Ball
2-2: Foul Ball, location: 2F
2-2: Foul Ball, location: 2F
2-2: Fielders Choice at 2nd, 6-4 (Groundball, 6)
Batting: LHB Russell Peck 0-0: Called Strike
0-1: Ball
1-1: Ball
2-1: Grounds into double play, 4-6-3 (Groundball, 4)
Top of the 1st over - 0 run(s), 0 hit(s), 0 error(s), 0 left on base; Saskatoon 0 - Chula Vista 0
BOTTOM OF THE 1ST
Chula Vista Tacos batting - Pitching for Saskatoon Smokin' Guns : RHP Bernardo Romero
Pitching: RHP Bernardo Romero
Batting: RHB Ricardo Guzmán 0-0: Ball
1-0: Ball
2-0: Ground out 6-3 (Groundball, 6)
Batting: RHB José Oliveira 0-0: Called Strike
0-1: Ground out 6-3 (Groundball, 6)
Batting: LHB Brent Alonzo 0-0: Called Strike
0-1: Called Strike
0-2: Foul Ball, location: 2F
0-2: Foul Ball, location: 2F
0-2: Foul Ball, location: 2F
0-2: Foul Ball, location: 2F
0-2: Ball
1-2: Foul Ball, location: 2F
1-2: Ball
2-2: Ball
3-2: Foul Ball, location: 2F
3-2: Strikes out looking
Bottom of the 1st over - 0 run(s), 0 hit(s), 0 error(s), 0 left on base; Saskatoon 0 - Chula Vista 0
TOP OF THE 2ND
Saskatoon Smokin' Guns batting - Pitching for Chula Vista Tacos : RHP Bobby Booker
Batting: LHB José Liñares 0-0: Ball
1-0: Ball
2-0: Ball
3-0: Base on Balls
Batting: RHB Eric Neal 0-0: Ball
1-0: Swinging Strike
1-1: Called Strike
1-2: Ball
2-2: Ground out 4-3 (Groundball, 13)
José Liñares to second
Batting: LHB Raúl Casillán 0-0: Ball
1-0: Ball
2-0: Called Strike
2-1: SINGLE (Groundball, 4MD)
José Liñares to third
Runner from 3rd tries for Home, SAFE, throw made home
Batting: RHB Chris Richards 0-0: Ball
Raúl Casillán steals 2nd base
1-0: Fly out, F7 (Line Drive, 78M)
Batting: SHB Mario Gómez 0-0: Called Strike
0-1: Ball
1-1: Called Strike
1-2: Ball
2-2: Strikes out looking
Top of the 2nd over - 1 run(s), 1 hit(s), 0 error(s), 1 left on base; Saskatoon 1 - Chula Vista 0
BOTTOM OF THE 2ND
Chula Vista Tacos batting - Pitching for Saskatoon Smokin' Guns : RHP Bernardo Romero
Batting: LHB Ray Bryant 0-0: Fly out, F5 (Popup, 5F)
Batting: RHB Armando Colón 0-0: Called Strike
0-1: Called Strike
0-2: Foul Ball, location: 2F
0-2: Strikes out swinging
Batting: SHB Michael Aisher 0-0: Ball
1-0: Foul Ball, location: 2F
1-1: Swinging Strike
1-2: Strikes out swinging
Bottom of the 2nd over - 0 run(s), 0 hit(s), 0 error(s), 0 left on base; Saskatoon 1 - Chula Vista 0
TOP OF THE 3RD
Saskatoon Smokin' Guns batting - Pitching for Chula Vista Tacos : RHP Bobby Booker
Batting: RHB Ben Fisher 0-0: SINGLE (Line Drive, 89M)
Batting: RHB Gary Spencer 0-0: Foul Ball, location: 2F
0-1: Called Strike
0-2: Ball
1-2: Strikes out looking
Batting: RHB César Rodríguez 0-0: Called Strike
0-1: Ball
1-1: Called Strike
1-2: DOUBLE (Line Drive, 5D)
Ben Fisher to third
Runner from 3rd tries for Home, SAFE, throw made at trailing runner, SAFE at third!
Batting: LHB Russell Peck 0-0: Ball
1-0: SINGLE (Flyball, 8LS)
César Rodríguez scores
Batting: LHB José Liñares 0-0: Grounds into double play, 3-6-3 (Groundball, 3)
Top of the 3rd over - 2 run(s), 3 hit(s), 0 error(s), 0 left on base; Saskatoon 3 - Chula Vista 0
BOTTOM OF THE 3RD
Chula Vista Tacos batting - Pitching for Saskatoon Smokin' Guns : RHP Bernardo Romero
Batting: RHB Manny Torrez 0-0: Ball
1-0: Ball
2-0: Ball
3-0: Called Strike
3-1: Swinging Strike
3-2: Base on Balls
Batting: LHB Jaime Icaza 0-0: Ball
Manny Torrez steals 2nd base
1-0: Ball
2-0: Ball
3-0: Base on Balls
Batting: LHB Joe Baker 0-0: Ball
Manny Torrez steals 3rd base
Jaime Icaza to second
1-0: Hit by Pitch
Batting: RHB Ricardo Guzmán 0-0: Hit by Pitch
Manny Torrez scores
Jaime Icaza to third
Joe Baker to second
Batting: RHB José Oliveira 0-0: Ball
1-0: Called Strike
1-1: Swinging Strike
1-2: Strikes out swinging
Batting: LHB Brent Alonzo 0-0: Called Strike
0-1: Called Strike
0-2: Ball
1-2: Ball
2-2: Fly out, F6 (Popup, 6)
Batting: LHB Ray Bryant 0-0: SINGLE (Line Drive, 56)
Jaime Icaza scores
Joe Baker to third
Ricardo Guzmán to second
Runner from 3rd tries for Home, SAFE, no throw or cutoff
Batting: RHB Armando Colón 0-0: Swinging Strike
0-1: Swinging Strike
0-2: Ball
Wild Pitch!
Ricardo Guzmán to third
Ray Bryant to second
1-2: Ball
2-2: Foul Ball, location: 2F
2-2: Ball
3-2: Strikes out swinging
Bottom of the 3rd over - 3 run(s), 1 hit(s), 0 error(s), 2 left on base; Saskatoon 3 - Chula Vista 3
TOP OF THE 4TH
Saskatoon Smokin' Guns batting - Pitching for Chula Vista Tacos : RHP Bobby Booker
Batting: RHB Eric Neal 0-0: Swinging Strike
0-1: Ball
1-1: Ball
2-1: Called Strike
2-2: Strikes out swinging
Batting: LHB Raúl Casillán 0-0: Ball
1-0: Ball
2-0: Called Strike
2-1: Ball
3-1: Base on Balls
Batting: RHB Chris Richards 0-0: Ball
Raúl Casillán is caught stealing 2nd base
1-0: Fly out, F8 (Flyball, 8RD)
Top of the 4th over - 0 run(s), 0 hit(s), 0 error(s), 0 left on base; Saskatoon 3 - Chula Vista 3
BOTTOM OF THE 4TH
Chula Vista Tacos batting - Pitching for Saskatoon Smokin' Guns : RHP Bernardo Romero
Batting: SHB Michael Aisher 0-0: Ball
1-0: Called Strike
1-1: Ball
2-1: Ground out 4-3 (Groundball, 34)
Batting: RHB Manny Torrez 0-0: Ball
1-0: Foul Ball, location: 2F
1-1: Swinging Strike
1-2: Ball
2-2: Strikes out swinging
Batting: LHB Jaime Icaza 0-0: Ball
1-0: Swinging Strike
1-1: Foul Ball, location: 2F
1-2: Strikes out looking
Bottom of the 4th over - 0 run(s), 0 hit(s), 0 error(s), 0 left on base; Saskatoon 3 - Chula Vista 3
TOP OF THE 5TH
Saskatoon Smokin' Guns batting - Pitching for Chula Vista Tacos : RHP Bobby Booker
Batting: SHB Mario Gómez 0-0: Ball
1-0: Called Strike
1-1: Foul Ball, location: 2F
1-2: Foul Ball, location: 2F
1-2: Ground out 6-3 (Groundball, 6)
Batting: RHB Ben Fisher 0-0: Ball
1-0: Ball
2-0: Foul Ball, location: 2F
2-1: Called Strike
2-2: Strikes out swinging
Batting: RHB Gary Spencer 0-0: Ball
1-0: Fly out, F8 (Flyball, 8RM)
Top of the 5th over - 0 run(s), 0 hit(s), 0 error(s), 0 left on base; Saskatoon 3 - Chula Vista 3
BOTTOM OF THE 5TH
Chula Vista Tacos batting - Pitching for Saskatoon Smokin' Guns : RHP Bernardo Romero
Batting: LHB Joe Baker 0-0: Swinging Strike
0-1: Called Strike
0-2: Ball
1-2: Strikes out swinging
Batting: RHB Ricardo Guzmán 0-0: Called Strike
0-1: Ground out 5-3 (Groundball, 56)
Batting: RHB José Oliveira 0-0: Ball
1-0: Ball
2-0: Foul Ball, location: 2F
2-1: SINGLE (Groundball, 56D)
Batting: LHB Brent Alonzo 0-0: Called Strike
0-1: Foul Ball, location: 2F
0-2: Foul Ball, location: 2F
0-2: Fly out, F8 (Flyball, 8RM)
Bottom of the 5th over - 0 run(s), 1 hit(s), 0 error(s), 1 left on base; Saskatoon 3 - Chula Vista 3
TOP OF THE 6TH
Saskatoon Smokin' Guns batting - Pitching for Chula Vista Tacos : RHP Bobby Booker
Batting: RHB César Rodríguez 0-0: SINGLE (Line Drive, 7S)
Batting: LHB Russell Peck 0-0: Ball
1-0: Called Strike
1-1: DOUBLE (Line Drive, 8RXD)
César Rodríguez to third
Runner from 3rd tries for Home, SAFE, no throw or cutoff
Batting: LHB José Liñares 0-0: SINGLE (Flyball, 8LS)
Russell Peck to third
Runner from 3rd tries for Home, SAFE, no throw or cutoff
Batting: RHB Eric Neal 0-0: Called Strike
0-1: Called Strike
0-2: Foul Ball, location: 2F
0-2: Ball
1-2: Foul Ball, location: 2F
1-2: Strikes out looking
Batting: LHB Raúl Casillán 0-0: Ball
1-0: Swinging Strike
1-1: Foul Ball, location: 2F
1-2: Ball
2-2: Grounds into double play, 4-6-3 (Groundball, 4)
Top of the 6th over - 2 run(s), 3 hit(s), 0 error(s), 0 left on base; Saskatoon 5 - Chula Vista 3
BOTTOM OF THE 6TH
Chula Vista Tacos batting - Pitching for Saskatoon Smokin' Guns : RHP Bernardo Romero
Batting: LHB Ray Bryant 0-0: Ball
1-0: Ball
2-0: Called Strike
2-1: Swinging Strike
2-2: Strikes out swinging
Pitching: RHP Dan Handy
Batting: RHB Armando Colón 0-0: Ball
1-0: Ground out 6-3 (Groundball, 6)
Batting: SHB Michael Aisher 0-0: Ground out 3-1 (Groundball, 3)
Bottom of the 6th over - 0 run(s), 0 hit(s), 0 error(s), 0 left on base; Saskatoon 5 - Chula Vista 3
TOP OF THE 7TH
Saskatoon Smokin' Guns batting - Pitching for Chula Vista Tacos : RHP Bobby Booker
Pitching: RHP Mike Marrero
Batting: RHB Chris Richards 0-0: Called Strike
0-1: Ball
1-1: Swinging Strike
1-2: Ball
2-2: Foul Ball, location: 2F
2-2: Strikes out swinging
Batting: SHB Mario Gómez 0-0: Called Strike
0-1: SINGLE (Line Drive, 5D)
Batting: RHB Ben Fisher 0-0: Ball
1-0: Ball
2-0: Foul Ball, location: 2F
2-1: Foul Ball, location: 2F
2-2: Strikes out looking
Batting: RHB Gary Spencer 0-0: Called Strike
0-1: Ball
1-1: Called Strike
1-2: Strikes out swinging
Top of the 7th over - 0 run(s), 1 hit(s), 0 error(s), 1 left on base; Saskatoon 5 - Chula Vista 3
BOTTOM OF THE 7TH
Chula Vista Tacos batting - Pitching for Saskatoon Smokin' Guns : RHP Dan Handy
Batting: RHB Manny Torrez 0-0: Foul Ball, location: 2F
0-1: Ball
1-1: Ball
2-1: Foul Ball, location: 2F
2-2: Ball
3-2: Base on Balls
Batting: LHB Jaime Icaza 0-0: Ball
1-0: Foul Ball, location: 2F
1-1: Ball
2-1: Sac Bunt - play at first, batter OUT! 4-3
Manny Torrez to second
Batting: LHB Joe Baker 0-0: Ball
Manny Torrez steals 3rd base
1-0: Fly out, F9 (Line Drive, 9M)
Runner from 3rd tags up, SCORES, no throw
Batting: RHB Ricardo Guzmán 0-0: Ball
1-0: Called Strike
1-1: Swinging Strike
1-2: Foul Ball, location: 2F
1-2: Strikes out swinging
Bottom of the 7th over - 1 run(s), 0 hit(s), 0 error(s), 0 left on base; Saskatoon 5 - Chula Vista 4
TOP OF THE 8TH
Saskatoon Smokin' Guns batting - Pitching for Chula Vista Tacos : RHP Mike Marrero
Batting: RHB César Rodríguez 0-0: Foul Ball, location: 2F
0-1: Ball
1-1: Swinging Strike
1-2: Ball
2-2: Foul Ball, location: 2F
2-2: Strikes out swinging
Pitching: LHP Brock Saunders
Batting: LHB Russell Peck 0-0: Swinging Strike
0-1: Ball
1-1: Called Strike
1-2: Strikes out swinging
Pitching: LHP Raymond Ritchie
Batting: LHB José Liñares 0-0: Ball
1-0: Called Strike
1-1: Foul Ball, location: 2F
1-2: Strikes out swinging
Top of the 8th over - 0 run(s), 0 hit(s), 0 error(s), 0 left on base; Saskatoon 5 - Chula Vista 4
BOTTOM OF THE 8TH
Chula Vista Tacos batting - Pitching for Saskatoon Smokin' Guns : RHP Dan Handy
Pitching: RHP Lorenzo Montáñez
Now at 1B: Bo Rush
Batting: RHB José Oliveira 0-0: Ball
1-0: Ground out 6-3 (Groundball, 6)
Batting: LHB Brent Alonzo 0-0: Ball
1-0: Fly out, F7 (Flyball, 78XD)
Batting: LHB Ray Bryant 0-0: Foul Ball, location: 2F
0-1: Ball
1-1: Foul Ball, location: 2F
1-2: Ball
2-2: Strikes out swinging
Bottom of the 8th over - 0 run(s), 0 hit(s), 0 error(s), 0 left on base; Saskatoon 5 - Chula Vista 4
TOP OF THE 9TH
Saskatoon Smokin' Guns batting - Pitching for Chula Vista Tacos : LHP Raymond Ritchie
Pitching: LHP Geoff Williams
Batting: RHB Eric Neal 0-0: Ground out 6-3 (Groundball, 56)
Batting: LHB Raúl Casillán 0-0: Ball
1-0: SINGLE (Line Drive, 89S)
Batting: RHB Chris Richards 0-0: Ball
1-0: Called Strike
1-1: Ball
2-1: Ground out 5-3 (Groundball, 56)
Raúl Casillán to second
Pinch Hitting: RHB Kenny Thompson 0-0: Ball
1-0: Swinging Strike
1-1: Swinging Strike
1-2: Strikes out swinging
Top of the 9th over - 0 run(s), 1 hit(s), 0 error(s), 1 left on base; Saskatoon 5 - Chula Vista 4
BOTTOM OF THE 9TH
Chula Vista Tacos batting - Pitching for Saskatoon Smokin' Guns : RHP Lorenzo Montáñez
Pitching: RHP Clayton Hawkins
Now at C: Kenny Thompson
Batting: RHB Armando Colón 0-0: Swinging Strike
0-1: Swinging Strike
0-2: Foul Ball, location: 2F
0-2: Strikes out looking
Pinch Hitting: LHB Ken Phillips 0-0: Ball
1-0: Called Strike
1-1: Foul Ball, location: 2F
1-2: Ball
2-2: Foul Ball, location: 2F
2-2: Ball
3-2: Foul Ball, location: 2F
3-2: Base on Balls
Pinch Runner at 1st Will David:
Pinch Hitting: LHB Karl Hill 0-0: Ball
1-0: Ball
2-0: Called Strike
2-1: Ball
3-1: Base on Balls
Will David to second
Batting: LHB Jaime Icaza 0-0: Ball
1-0: Ball
2-0: Called Strike
2-1: Ball
3-1: Foul Ball, location: 2F
3-2: Strikes out looking
Pinch Hitting: RHB John Nelson 0-0: Called Strike
0-1: Swinging Strike
0-2: Ball
1-2: Ball
2-2: Ball
3-2: Strikes out looking
Bottom of the 9th over - 0 run(s), 0 hit(s), 0 error(s), 2 left on base; Saskatoon 5 - Chula Vista 4
This league is powered by Out of the Park Baseball, the baseball management simulation game for PC, Mac and Linux
Saturday, April 9th, 2016 - OOTP Baseball 16.8 Build 38